 Dungeon Crawl Stone Soup version 0.29-a0-284-gf9362112df (webtiles) character file.

Game seed: 15043479076633102503

121 mistaj the Shield-Bearer (level 5, 0/28 HPs)
             Began as a Vine Stalker Fighter on Mar 24, 2022.
             Killed from afar by Blork the orc (5 damage)
             ... with a puff of flame
             ... on level 4 of the Dungeon.
             The game lasted 00:01:44 (1707 turns).

mistaj the Shield-Bearer (Vine Stalker Fighter)     Turns: 1707, Time: 00:01:45

Health: 0/28       AC:  6    Str: 20    XL:     5   Next: 5%
Magic:  0/6        EV:  9    Int:  8    God:
Gold:   17         SH:  5    Dex: 14    Spells: 4/4 levels left

rFire   . . .      SeeInvis .   a - +0 rapier
rCold   . . .      Faith    .   c - +0 buckler
rNeg    . . .      Spirit   +   b - +0 scale mail
rPois   .          Reflect  .   (no helmet)
rElec   .          Harm     .   (no cloak)
rCorr   .          Rampage  .   (no gloves)
Will    .....                   (no boots)
Stlth   ..........              (no amulet)
HPRegen 0.89/turn               (no ring)
MPRegen 0.10/turn               (no ring)

@: mighty
A: fangs 2, regeneration 1, magic shield, antimagic bite, no potion heal 2
a: no special abilities


You were on level 4 of the Dungeon.
You visited 1 branch of the dungeon, and saw 3 of its levels.

You collected 17 gold pieces.

Inventory:

Hand Weapons
 a - a +0 rapier (weapon)
Armour
 b - a +0 scale mail (worn)
 c - a +0 buckler (worn)
Scrolls
 e - a scroll of enchant weapon {unknown}
 g - a scroll of teleportation {unknown}
 h - a scroll of magic mapping {unknown}
Potions
 f - a potion of curing {unknown}
 i - a potion of heal wounds {unknown}


   Skills:
 + Level 3.6 Fighting
 + Level 3.0 Short Blades
 - Level 2.4 Armour
 + Level 3.6 Shields


You had 4 spell levels left.
You didn't know any spells.
Your spell library was empty.

Dungeon Overview and Level Annotations

Branches:
Dungeon (2/15)

Altars:
Elyvilon

Annotations:
D:4 Blork the orc


Innate Abilities, Weirdness & Mutations

You have extremely sharp teeth.
Your natural rate of healing is unusually fast.
When hurt, damage is shared between your health and your magic reserves.
Your bite disrupts and absorbs the magic of your enemies.
Potions cannot restore your health.


Message History

The quokka bites you but does no damage.
Unknown command.
You hit the quokka.
You kill the quokka!
Blork the orc barely misses you.
Unknown command.
You hit Blork the orc but do no damage. Blork the orc hits you with a +0 flail!
The river rat closely misses you.
Unknown command.
You are too injured to fight recklessly!
You are too injured to fight recklessly!
You hit Blork the orc but do no damage. You bite Blork the orc.
Blork the orc's magic leaks into the air.
You drain his magic.
You feel invigorated.
Blork the orc is lightly wounded.
Blork the orc hits you with a +0 flail.
The river rat bites you but does no damage.
You barely miss Blork the orc.
Blork the orc is lightly wounded.
Blork the orc hits you with a +0 flail. You block the river rat's attack.
You closely miss Blork the orc.
Blork the orc is lightly wounded.
Blork the orc's magic is no longer disrupted.
Blork the orc hits you with a +0 flail. The river rat bites you.
* * * LOW HITPOINT WARNING * * *
You barely miss Blork the orc. You bite Blork the orc.
Blork the orc's magic leaks into the air.
You drain his magic.
You feel invigorated.
Blork the orc is lightly wounded.
Blork the orc casts a spell at you. You block the puff of frost.
The river rat completely misses you.
You hit Blork the orc but do no damage. Your bite misses Blork the orc.
Blork the orc is lightly wounded.
Blork the orc's magic is no longer disrupted.
Blork the orc closely misses you. The river rat bites you.
* * * LOW HITPOINT WARNING * * *
You feel very mighty all of a sudden.
Blork the orc gestures at you while chanting.
The puff of flame hits you!
You die...

##### ....#
##... # ...
.# #.# ..#
#.######...#
#r#........#
#@#......$.#
#o#......h..
#.).........
###.......#.
........#
..######.#
... .. #.#.
. ..#.


You could see Blork the orc and a river rat.

Vanquished Creatures
  A howler monkey (D:4)
  Natasha (D:2)
  An adder (D:2)
  7 ball pythons
  2 bats (D:1)
  4 endoplasms (D:1)
  2 giant cockroaches
  A goblin (D:1)
  4 hobgoblins (D:1)
  8 jackals
  3 quokkas
  A frilled lizard (D:1)
  2 kobolds
  8 rats
45 creatures vanquished.

Notes
Turn   | Place    | Note
-------+----------+-------------------------------------------
     0 | D:1      | mistaj the Vine Stalker Fighter began the quest for the
                  | Orb.
     0 | D:1      | Reached XP level 1. HP: 11/11 MP: 2/2
   271 | D:1      | Reached XP level 2. HP: 16/16 MP: 3/3
   497 | D:1      | Reached XP level 3. HP: 20/20 MP: 4/4
  1510 | D:2      | Found a white marble altar of Elyvilon.
  1627 | D:2      | Noticed Natasha
  1635 | D:2      | Killed Natasha
  1636 | D:2      | Gained mutation: Your natural rate of healing is unusually
                  | fast. [Vine Stalker growth]
  1636 | D:2      | Reached XP level 4. HP: 17/24 MP: 3/5
  1667 | D:2      | You fall into a shaft and drop 2 floors!
  1685 | D:4      | Reached XP level 5. HP: 28/28 MP: 6/6
  1695 | D:4      | Noticed Blork the orc
  1707 | D:4      | Killed from afar by Blork the orc

Illustrated notes

Levels and vault maps discovered:
D:1:      lemuel_arrival_tunnels, layout_basic, minmay_statues_item,
          st_stairs_8, chequers_serial_rivers_small_b, roderic_serpentine_path
D:2:      layout_loops_ring, basic_altar, uniq_natasha, uniq_jessica
D:4:      layout_basic, serial_forest, infiniplex_forest_clump_double,
          infiniplex_forest_straight_3, infiniplex_forest_clump_curved,
          infiniplex_forest_straight_4, infiniplex_forest_clump_C,
          infiniplex_forest_corner_1, infiniplex_forest_straight_5,
          infiniplex_forest_clump_curved, portal_sewer_entry_a,
          uniq_blork_the_orc

Skill      XL: |  1  2  3  4  5 |
---------------+----------------+-----
Short Blades   | 2 3 |  3.0
Fighting       | 3 |  3.6
Shields        | 3 |  3.6
Armour         | |  2.4

Action                   |  1- 3 |  4- 6 || total
-------------------------+-------+-------++-------
Melee: Rapier            |    93 |    28 ||   121
       Bite              |    13 |     8 ||    21
  Use: Potion            |       |     1 ||     1
Armor: Scale mail        |    37 |    10 ||    47
Dodge: Dodged            |    32 |    17 ||    49
Block: Buckler           |    10 |     7 ||    17

Table legend: (Time is in decaauts)
 A = Elapsed time spent in this place.
 B = Non-inter-level travel time spent in this place.
 C = Inter-level travel time spent in this place.
 D = Time resting spent in this place.
 E = Time spent auto-exploring this place.
 F = Levels seen in this place.
 G = Mean time per level.
                   A        B        C        D        E       F      G
               +--------+--------+--------+--------+--------+-----+--------+
         Total |   1723 |   1687 |     36 |    432 |    999 |   3 |  574.3 |
       Dungeon |   1723 |   1687 |     36 |    432 |    999 |   3 |  574.3 |
               +--------+--------+--------+--------+--------+-----+--------+

Top non-repeatable levels by time:
     D:1: 1355 daAuts
     D:2: 325 daAuts
     D:4: 42 daAuts
